 Dungeon Crawl Stone Soup version 0.24-a0-464-g6b2be6b (webtiles) character file.

Game seed: 5194636700313558570

504 CanOfBees the Caller (level 7, -1/41 HPs)
             Began as a Tengu Summoner on July 3, 2019.
             Was an Initiate of Sif Muna.
             Slain by a hornet (15 damage)
             ... on level 5 of the Dungeon.
             The game lasted 00:13:15 (7516 turns).

CanOfBees the Caller (Tengu Summoner)               Turns: 7516, Time: 00:13:15

Health: -1/41      AC:  6    Str:  8    XL:     7   Next: 17%
Magic:  6/13       EV: 16    Int: 21    God:    Sif Muna [......]
Gold:   163        SH:  4    Dex: 14    Spells: 2/12 levels left

rFire    . . .     SeeInvis .   G - +0 spear
rCold    . . .     Gourm    .   y - +0 buckler
rNeg     . . .     Faith    +   a - +0 robe
rPois    .         Spirit   .   (helmet restricted)
rElec    .         Reflect  .   g - +0 cloak
rCorr    .         Harm     .   u - +2 pair of gloves {archery}
MR       .....                  (boots unavailable)
Stlth    ++........             q - amulet of faith
HPRegen  0.13/turn              z - +3 ring of intelligence
MPRegen  0.13/turn              (no ring)

@: lethally poisoned (-1 -> -7), flying quickly and evasively, very slightly
contaminated, slowed, very slow
A: beak, talons 3, able to fly
a: Stop Flying, Renounce Religion


You were on level 5 of the Dungeon.
You worshipped Sif Muna.
Sif Muna was noncommittal.
You were hungry.

You visited 2 branches of the dungeon, and saw 6 of its levels.

You collected 163 gold pieces.

Inventory:

Hand Weapons
 s - a +0 falchion
 G - a +0 spear (weapon)
Missiles
 d - 97 stones (quivered)
 e - 65 arrows
 f - 20 sling bullets
 h - 6 boomerangs
 t - 35 poisoned darts
 v - 33 bolts
Armour
 a - a +0 robe (worn)
 g - a +0 cloak (worn)
 u - a +2 pair of gloves of archery (worn)
 y - a +0 buckler (worn)
Jewellery
 q - an amulet of faith (around neck)
 z - a +3 ring of intelligence (left hand)
Wands
 B - a wand of random effects (17)
 F - a wand of iceblast (3)
Scrolls
 i - 3 scrolls of remove curse
 k - a scroll of magic mapping
 l - a scroll of enchant armour {unknown}
 n - a scroll of enchant weapon {unknown}
 o - a scroll of amnesia {unknown}
 p - a scroll of fog {unknown}
 r - a scroll of immolation {unknown}
 C - a scroll of fear {unknown}
Potions
 b - a potion of berserk rage {unknown}
 j - 2 potions of mutation
 m - a potion of haste {unknown}
 w - 2 potions of heal wounds
 x - a potion of cancellation {unknown}
 A - a potion of resistance {unknown}
 D - a potion of curing {unknown}
 E - a potion of flight {unknown}
Comestibles
 c - 6 rations
 H - 8 chunks of flesh


   Skills:
 + Level 3.0 Fighting
 - Level 4.0 Dodging
 - Level 2.0 Stealth
 * Level 2.2 Shields
 - Level 3.3 Spellcasting
 + Level 6.9 Summonings


You had 2 spell levels left.
You knew the following spells:

 Your Spells              Type           Power        Failure   Level  Hunger
a - Summon Small Mammal   Summ           ####         1%          1    None
b - Call Imp              Summ           ####....     1%          2    ##.....
c - Call Canine Familiar  Summ           ####....     2%          3    ###....
d - Summon Lightning Spi  Summ/Air       ###.....     36%         4    ####...

Your spell library contained the following spells:

 Spells                   Type           Power        Failure   Level  Hunger
 Summon Guardian Golem    Hex/Summ       ###.....     12%         3    ###....
 Summon Ice Beast         Ice/Summ       ###.....     36%         4    ####...


Dungeon Overview and Level Annotations

Branches:
Dungeon (5/15)             Temple (1/1) D:5

Altars:
Ashenzari
Cheibriados
Dithmenos
Elyvilon
Gozag
Hepliaklqana
Kikubaaqudgha
Makhleb
Nemelex Xobeh
Okawaru
Qazlal
Ru
Sif Muna
Trog
Uskayaw
Vehumet
Wu Jian
Xom
Yredelemnul
Zin
The Shining One


Innate Abilities, Weirdness & Mutations

You have a beak for a mouth.
You have claws for feet.
You can fly continuously.


Message History

You are feeling hungry.
The hornet completely misses you.
You miss the hornet. The hornet closely misses you.
You hit the hornet but do no damage. You claw the hornet.
You peck the hornet, but do no damage.
The hornet is lightly wounded.
The hornet stings you.
You are poisoned.
You feel yourself slow down. The hornet stings you.
You feel as though you will be slow longer.
Your lightning spire shoots out a bolt of lightning at the hornet!
The bolt of electricity hits the hornet! x2
The bolt of electricity hits your lightning spire.
Your lightning spire completely resists.
You barely miss the hornet.
The hornet is severely wounded.
You feel sick. The hornet stings you!
You feel as though you will be slow longer.
The hornet stings you!
You die...

.........#.#
.#######.#.########### ......
#.##.#...........# ......
###....#...........##......
#........))................
#.#.####...))......# ...... # #.
#.#.# #...........# ......
#.#.##.#.####...8.......##......
##.#...>........@y...####........
#......#5#####.#####..# #...###.#
#......#.#####.# ##.# #...#
#......#.......# #.# #...#
#......).)###### #.###...#
#.........# #..##...# #.........#
##.##...#
#.........############.##...#
#...........[........#..####


You could see a hornet and a friendly lightning spire.

Vanquished Creatures
  A scorpion (D:5)
  A hound (D:2)
  A centaur skeleton (D:4)
  An orc wizard (D:3)
  A worker ant (D:4)
  A hound zombie (D:5)
  A hound skeleton (D:4)
  A howler monkey skeleton (D:4)
  A gnoll (D:5)
  A river rat (D:4)
  A worm (D:5)
  A dart slug (D:2)
  2 leopard geckos
  9 orcs
  4 giant cockroaches
  2 hobgoblins
  9 jackals
  2 kobolds
  2 quokkas
  2 ball pythons
  6 bats
  6 frilled lizards
  4 goblins
  A jackal skeleton (D:4)
  A jackal zombie (D:4)
  A leopard gecko skeleton (D:4)
  9 rats
  A plant (D:1)
73 creatures vanquished.

Vanquished Creatures (collateral kills)
  Eustachio (D:4)
  A crocodile (D:4)
  2 orc wizards (D:5)
  Crazy Yiuf (D:2)
  3 gnolls (D:5)
  4 adders
  A river rat (D:4)
  3 worms
  A dart slug (D:1)
  8 orcs
  A ball python (D:4)
  2 bats (D:2)
  2 giant cockroaches (D:4)
  A hobgoblin (D:1)
  7 jackals
  A quokka (D:3)
  A frilled lizard (D:1)
  6 goblins
  9 kobolds
  5 rats
60 creatures vanquished.

Grand Total: 133 creatures vanquished

Notes
Turn   | Place    | Note
-------+----------+-------------------------------------------
     0 | D:1      | CanOfBees the Tengu Summoner began the quest for the Orb.
     0 | D:1      | Reached XP level 1. HP: 10/10 MP: 4/4
   274 | D:1      | Reached skill level 5 in Summonings
   386 | D:1      | Reached XP level 2. HP: 16/16 MP: 0/6
  1327 | D:2      | Learned a level 2 spell: Call Imp
  1403 | D:2      | Found a shimmering altar of Xom.
  1412 | D:2      | Reached XP level 3. HP: 20/20 MP: 4/7
  1501 | D:2      | Reached skill level 1 in Fighting
  2293 | D:2      | Found a burning altar of Makhleb.
  2299 | D:2      | Reached XP level 4. HP: 14/25 MP: 3/8
  2436 | D:2      | Learned a level 3 spell: Call Canine Familiar
  2582 | D:2      | Found a runed translucent door.
  2583 | D:2      | Noticed Crazy Yiuf
  2597 | D:2      | Killed Crazy Yiuf
  3895 | D:3      | Reached skill level 6 in Summonings
  3895 | D:3      | Gained mutation: You can fly continuously. [Tengu growth]
  3895 | D:3      | Reached XP level 5. HP: 21/30 MP: 4/10
  4535 | D:3      | Found a shadowy altar of Dithmenos.
  5322 | D:4      | Noticed Eustachio
  5342 | D:4      | Killed Eustachio
  5342 | D:4      | Reached skill level 1 in Shields
  5342 | D:4      | Reached XP level 6. HP: 22/36 MP: 3/11
  5802 | D:4      | Found an opulent altar of Gozag.
  6313 | D:4      | Found a stormy altar of Qazlal.
  6434 | D:4      | Learned a level 4 spell: Summon Lightning Spire
  6452 | D:5      | Entered Level 5 of the Dungeon
  6506 | D:5      | Found a staircase to the Ecumenical Temple.
  6515 | Temple   | Entered the Ecumenical Temple
  6659 | Temple   | Became a worshipper of Sif Muna the Loreminder
  6876 | D:5      | Reached XP level 7. HP: 40/40 MP: 5/13
  7498 | D:5      | Noticed a hornet
  7516 | D:5      | Slain by a hornet

Levels and vault maps discovered:
D:1:      roderic_crop_circles_arrival_small, layout_basic, serial_forest,
          infiniplex_forest_clump_small, infiniplex_forest_clump_curved,
          infiniplex_forest_corner_1, infiniplex_forest_clump_diagonal,
          infiniplex_forest_straight_3
D:2:      layout_loops_cross, old_standard_altar, makhleb_blood_cavern_becter,
          serial_forest, infiniplex_forest_corner_1,
          infiniplex_forest_straight_2, infiniplex_forest_3_way,
          infiniplex_forest_straight_5, infiniplex_forest_end_1,
          infiniplex_forest_end_1, infiniplex_forest_clump_tiny, first_ration,
          uniq_crazy_yiuf_cottage
D:3:      layout_rooms, nicolae_dithmenos_through_a_glass_darkly,
          chequers_serial_rivers_micro_a, corexii_hall_statues_s
D:4:      layout_basic, lemuel_coloured_pillars_altar,
          nicolae_overflow_crystal_walls, portal_sewer_entry_b,
          grunt_ministairs_2, uniq_eustachio
D:5:      layout_basic, minmay_temple_entry_statues_pillars
Temple:   regret_index_temple_sphere_string

Skill      XL: |  1  2  3  4  5  6  7 |
---------------+----------------------+-----
Summonings     | 5 6 |  6.9
Fighting       | 1 2 3 |  3.0
Dodging        | 3 4 |  4.0
Shields        | 1 2 |  2.2
Spellcasting   | 3 |  3.3
Stealth        | |  2.0

Action                   |  1- 3 |  4- 6 |  7- 9 || total
-------------------------+-------+-------+-------++-------
Melee: Unarmed           |   157 |    37 |       ||   194
       Kick              |    44 |    55 |     2 ||   101
       Peck              |    30 |    27 |     3 ||    60
       Falchion          |       |   136 |     5 ||   141
       Spear             |       |       |     3 ||     3
Throw: Stone             |       |    28 |     1 ||    29
 Cast: Summon Small Mamm |    23 |       |       ||    23
       Call Imp          |    13 |    33 |     5 ||    51
       Call Canine Famil |       |    13 |     2 ||    15
       Summon Lightning  |       |       |     1 ||     1
 Abil: Fly               |       |     1 |       ||     1
  Use: Scroll            |       |     6 |       ||     6
 Stab: Sleeping          |     3 |     2 |       ||     5
       Distracted        |       |     1 |       ||     1
  Eat: Chunk             |     6 |    12 |       ||    18
       Ration            |       |     1 |     1 ||     2
Armor: Robe              |    29 |    35 |     2 ||    66
Dodge: Dodged            |    91 |   152 |     5 ||   248
Block: Buckler           |       |    16 |     4 ||    20
       Rpst.: Falchion   |       |    40 |       ||    40

Table legend:
 A = Non-vault XP
 B = Vault XP
 C = Vault XP percentage of total XP
 D = Non-vault monster count
 E = Vault monster count
 F = Vault count percentage of total count
                 A         B        C        D         E       F
            +---------+---------+-------+---------+---------+-------
      Total |     512 |     209 |  29.0 |     118 |      14 |  10.6
            +---------+---------+-------+---------+---------+-------
        D:1 |      29 |       0 |   0.0 |      24 |       0 |   0.0
        D:2 |      60 |      51 |  45.9 |      33 |       2 |   5.7
        D:3 |      83 |       0 |   0.0 |      27 |       0 |   0.0
        D:4 |     185 |     158 |  46.1 |      23 |      12 |  34.3
        D:5 |     155 |       0 |   0.0 |      11 |       0 |   0.0
            +---------+---------+-------+---------+---------+-------
